AoeStats
← SellickSquare

Arabia

510142150Analyzed
1v1 RM · 2d ago on Sep 29, 2026· 41m 4s· 2 players
Game mode
Random Map
Map size
Tiny (2 player)
Population
200
Speed
Normal
Resources
Standard
Victory
Conquest
Starting age
Dark Age
Ending age
Imperial Age
RankedLock teamsTeams togetherTeam positionsShared explorationLock speedFull tech treeHidden civsTurbo modeCheats
Victory
Defeat
🇿🇦 Danes · South Africa
1196
+16
🇬🇧 Mongols · United Kingdom
1189
-16
SellickSquare
6:07 Loom
9:05 Feudal Age
9:40 Double-Bit Axe
12:40 Horse Collar
14:50 Wheelbarrow
19:21 Castle Age
17:16 Gold Mining
19:15 Bloodlines
19:13 Scale Barding Armor
18:59 Fletching
20:05 Husbandry
20:20 Bow Saw
20:20 Heavy Plow
20:26 Light Cavalry
21:51 Bodkin Arrow
23:51 Hand Cart
24:01 Chain Barding Armor
23:03 Crossbowman
24:53 Forging
24:44 Padded Archer Armor
27:45 Iron Casting
28:01 Town Watch
28:39 Leather Archer Armor
29:19 Thumb Ring
29:26 Stone Mining
30:14 Gold Shaft Mining
35:12 Ballistics
35:03 Masonry
34:49 Murder Holes
Aizohiith
9:05 Loom
10:59 Feudal Age
11:55 Double-Bit Axe
12:06 Horse Collar
15:57 Wheelbarrow
21:01 Castle Age
18:58 Gold Mining
19:38 Forging
19:16 Arson
20:16 Scale Mail Armor
20:48 Town Watch
23:39 Hand Cart
24:20 Town Patrol
27:59 Fletching
27:32 Elite Skirmisher
31:35 Squires
33:14 Iron Casting
34:18 Gambesons
34:39 Heavy Plow
35:27 Chain Mail Armor
36:58 Scale Barding Armor
37:44 Hamask
39:18 Bodkin Arrow
39:24 Padded Archer Armor
Connection lost

Rejoining the realm…

Still unreachable

The connection could not be restored.

Session expired

The server has moved on; the page needs a fresh start.